 Dungeon Crawl Stone Soup version 0.27-a0-1149-g4505690ab0 (webtiles) character file.

Game seed: 6783406296425703118

529213 agentchuck the Unseen (level 24, -2/147 HPs)
             Began as a Vampire Necromancer on May 10, 2021.
             Was the Champion of Kikubaaqudgha.
             Slain by a spriggan berserker
             ... wielding a +0 war axe
              (39 damage)
             ... on level 5 of the Depths on May 13, 2021.
             The game lasted 07:18:29 (95466 turns).

agentchuck the Unseen (Vampire Necromancer)        Turns: 95466, Time: 07:18:29

Health: -2/147     AC: 28    Str: 13    XL:     24   Next: 90%
Magic:  3/34       EV: 18    Int: 30    God:    Kikubaaqudgha [******]
Gold:   1337       SH:  9    Dex: 16    Spells: 4/56 levels left

rFire    + + +     SeeInvis +   w - +4 dagger "Morg" {pain, Will+ Int+5}
rCold    + + .     Faith    .   D - +2 buckler {AC+3}
rNeg     + + +     Spirit   .   Y - +4 faerie dragon scales {rCorr Str+2}
rPois    ∞         Reflect  .   W - +2 helmet
rElec    +         Harm     .   l - +2 cloak
rCorr    +         Rampage  .   H - +2 pair of gloves {Str+3}
Will     +++++                  G - +2 pair of boots "Nunuk" {*Corrode rElec rF+++ MP-9} Stlth *****+++++
                                f - amulet of the acrobat
HPRegen  0.00/turn              y - ring of Shadows {Umbra +Inv Stlth+}
MPRegen  0.24/turn              Z - ring of the Mage {Wiz Will++ Int+3}

@: bloodless, hasted, wreathed by umbra, very quick
A: bloodless, fangs 3, see invisible, vampiric 2, clumsy 1, dopey 1, MP-powered
wands
}: 2/15 runes: decaying, gossamer
a: Bat Form, Revivify, Renounce Religion, Evoke Invisibility, Receive Corpses,
Torment


You were on level 5 of the Depths.
You worshipped Kikubaaqudgha.
Kikubaaqudgha was exalted by your worship.
You visited 9 branches of the dungeon, and saw 44 of its levels.
You also visited: Ice Cave, Wizlab and Desolation.

You collected 6145 gold pieces.
You spent 4808 gold pieces at shops.


Innate Abilities, Weirdness & Mutations

You do not regenerate when monsters are visible.
You are frail without blood (-20% HP).
You can heal yourself when you bite living creatures.
You are immune to poison.
You have razor-sharp teeth.
You have supernaturally acute eyesight. (SInv)
You are afflicted with vampirism and can become a bat while bloodless.
You are clumsy. (Dex -2)
You are dopey. (Int -2)
You expend magic power (3 MP) to strengthen your wands.


   Skills:
 + Level 13.9 Fighting
 - Level 14.0 Short Blades
 - Level 2.0 Throwing
 - Level 7.6 Armour
 + Level 13.0 Dodging
 - Level 20.0 Stealth
 - Level 10.3 Shields
 + Level 16.5 Spellcasting
 + Level 12.1 Conjurations
 - Level 17.9 Hexes
 + Level 14.4 Necromancy
 - Level 2.4 Transmutations
 - Level 3.1 Fire Magic
 - Level 5.0 Ice Magic
 - Level 13.8 Earth Magic
 - Level 6.8 Poison Magic
 - Level 10.0 Evocations


You had 4 spell levels left.
You knew the following spells:

 Your Spells              Type           Power      Damage    Failure   Level
b - Borgnjor's Vile Clut  Necr/Erth      41%        N/A       1%          5
c - Confusing Touch       Hex            93%        N/A       0%          3
d - Animate Dead          Necr           42%        N/A       1%          4
i - Invisibility          Hex            93%        N/A       1%          6
n - Dispel Undead         Necr           84%        3d27      1%          4
o - Olgreb's Toxic Radia  Pois           60%        N/A       1%          4
s - Iron Shot             Conj/Erth      40%        9d8       1%          6
v - Vampiric Draining     Necr           42%        2d12      0%          3
x - Ensorcelled Hibernat  Hex/Ice        100%       N/A       1%          2
z - Orb of Destruction    Conj           39%        9d13      6%          7
D - Discord               Hex            46%        N/A       4%          8

Your spell library contained the following spells:

 Spells                   Type           Power      Damage    Failure   Level
 Animate Skeleton         Necr           100%       N/A       0%          1
 Corona                   Hex            100%       N/A       0%          1
 Magic Dart               Conj           100%       1d8       0%          1
 Pain                     Necr           100%       1d9       0%          1
 Slow                     Hex            93%        N/A       0%          2
 Dazzling Flash           Conj/Hex       100%       N/A       0%          3
 Tukima's Dance           Hex            93%        N/A       0%          3
 Cause Fear               Hex            46%        N/A       0%          4
 Apportation              Tloc           48%        N/A       1%          1
 Freeze                   Ice            100%       1d11      1%          1
 Sting                    Tmut/Pois      100%       1d8       1%          1
 Blink                    Tloc           N/A        N/A       1%          2
 Call Imp                 Summ           24%        N/A       1%          2
 Corpse Rot               Necr/Air       N/A        N/A       1%          2
 Passwall                 Tmut/Erth      54%        N/A       1%          2
 Poisonous Vapours        Pois/Air       90%        N/A       1%          2
 Conjure Flame            Conj/Fire      63%        6-21      1%          3
 Frozen Ramparts          Ice            100%       1d12      1%          3
 Ignite Poison            Fire/Tmut/Pois 49%        N/A       1%          3
 Inner Flame              Hex/Fire       73%        N/A       1%          3
 Mephitic Cloud           Conj/Pois/Air  58%        N/A       1%          3
 Ozocubu's Armour         Ice            53%        N/A       1%          3
 Portal Projectile        Hex/Tloc       100%       N/A       1%          3
 Stone Arrow              Conj/Erth      100%       3d13      1%          3
 Summon Guardian Golem    Hex/Summ       68%        N/A       1%          3
 Hailstorm                Conj/Ice       66%        3d14      1%          4
 Leda's Liquefaction      Hex/Erth       44%        N/A       1%          4
 Petrify                  Tmut/Erth      65%        N/A       1%          4
 Gell's Gravitas          Tloc           12%        N/A       3%          3
 Lesser Beckoning         Tloc           12%        N/A       3%          3
 Swiftness                Air            24%        N/A       3%          3
 Teleport Other           Tloc           24%        N/A       3%          3
 Passage of Golubria      Tloc           N/A        N/A       10%         4
 Agony                    Necr           84%        N/A       1%          5
 Bolt of Magma            Conj/Fire/Erth 35%        4d15      1%          5
 Excruciating Wounds      Necr           42%        N/A       1%          5
 Fireball                 Conj/Fire      31%        3d13      1%          5
 Iskenderun's Battlesphe  Conj           78%        2d13      1%          5
 Lee's Rapid Deconstruct  Erth           41%        3d21*     1%          5
 Metabolic Englaciation   Hex/Ice        38%        N/A       1%          5
 Silence                  Hex/Air        34%        N/A       1%          5
 Summon Mana Viper        Hex/Summ       68%        N/A       1%          5
 Yara's Violent Unravell  Hex/Tmut       36%        3d15      1%          5
 Death Channel            Necr           42%        N/A       1%          6
 Simulacrum               Ice/Necr       35%        N/A       2%          6
 Starburst                Conj/Fire      31%        8x6d10    6%          6
 Freezing Cloud           Conj/Ice/Air   28%        6-21      14%         6
 Infestation              Necr           42%        N/A       17%         8
 Manifold Assault         Tloc           24%        N/A       26%         5
 Summon Forest            Summ/Tloc      12%        N/A       26%         5
 Lehudib's Crystal Spear  Conj/Erth      40%        10d10     30%         8
 Spellforged Servitor     Conj/Summ      28%        N/A       52%         7
 Shadow Creatures         Summ           N/A        N/A       80%         6
 Chain Lightning          Conj/Air       28%        N/A       99%         8
 Summon Hydra             Summ           12%        N/A       100%        7
 Ignition                 Fire           21%        3d8       100%        8
 Absolute Zero            Ice            26%        ∞         100%        9
 Fire Storm               Conj/Fire      31%        8d8       100%        9
 Sublimation of Blood     Necr           Unusable   N/A       N/A         2
 Borgnjor's Revivificati  Necr           Unusable   N/A       N/A         8
 Necromutation            Tmut/Necr      Unusable   N/A       N/A         8
 Death's Door             Necr           Unusable   N/A       N/A         9

Inventory:

Hand Weapons
 e - the +2 Maxwell's thermic engine {flame, freeze}
   (You took it off a wizard on level 2 of the Depths)

   It has been specially enchanted to burn those struck by it, causing extra
   injury to most foes and up to half again as much damage against particularly
   susceptible opponents.
   Big, fiery blades are also staple armaments of hydra-hunters.
   It has been specially enchanted to freeze those struck by it, causing extra
   injury to most foes and up to half again as much damage against particularly
   susceptible opponents.
   It becomes more effective when it hits something.
   This effect fades over time.
 q - the +5 rapier of Triumph {freeze, rF++ Int+4}
   (You acquired it on level 2 of the Swamp)

   It has been specially enchanted to freeze those struck by it, causing extra
   injury to most foes and up to half again as much damage against particularly
   susceptible opponents.
   It can also slow down cold-blooded creatures.
   It affects your intelligence (+4).
   It greatly protects you from fire.
 w - the +4 dagger "Morg" (weapon) {pain, Will+ Int+5}
   (You found it on level 3 of the Elven Halls)

   In the hands of one skilled in necromantic magic, it inflicts extra damage on
   living creatures.
   It affects your intelligence (+5).
   It increases your willpower.
Missiles
 i - 12 throwing nets {=f}
 I - 14 boomerangs of dispersal {=f}
 K - 18 curare-tipped darts {=f}
Armour
 l - a +2 cloak (worn)
 D - a +2 buckler of protection (worn)
 G - the +2 pair of boots "Nunuk" (worn) {*Corrode rElec rF+++ MP-9}
   (You bought it in a shop on level 3 of the Vaults)

   It renders you almost immune to fire.
   It insulates you from electricity.
   It affects your magic capacity (-9).
   It may corrode you when you take damage.
 H - a +2 pair of gloves of strength (worn)
 S - a +2 pair of boots
 W - a +2 helmet (worn)
 Y - the +4 faerie dragon scales (worn) {rCorr Str+2}
   (You took it off the Enchantress on level 15 of the Dungeon)

   It affects your strength (+2).
   It protects you from acid and corrosion.
Jewellery
 f - an amulet of the acrobat (around neck)
 u - the ring "Ulamowim" {Ice rElec rN+ Str+3}
   (You took it off a ragged hierophant in the Desolation of Salt)

   [ring of ice]

   It enhances your ice magic.
   It affects your strength (+3).
   It makes you vulnerable to fire.
   It protects you from cold.
   It insulates you from electricity.
   It protects you from negative energy.
 y - the ring of Shadows (left hand) {Umbra +Inv Stlth+}
   (You found it on level 3 of the Elven Halls)

   [ring of stealth]

   It lets you turn invisible.
   It makes you more stealthy.
 M - a ring of the Octopus King {rF+ AC+1 EV+1 Str+1 Int+1 Dex+1}
   (You bought it in a shop on level 1 of the Elven Halls)

   [ring of protection from fire]

   It affects your AC (+1).
   It affects your evasion (+1).
   It affects your strength (+1).
   It affects your intelligence (+1).
   It affects your dexterity (+1).
   It protects you from fire.
 O - the ring of Ypsyu {rCorr Int+6 Dex-4}
   (You found it in the Desolation of Salt)

   [ring of resist corrosion]

   It affects your intelligence (+6).
   It affects your dexterity (-4).
   It protects you from acid and corrosion.
 Z - the ring of the Mage (right hand) {Wiz Will++ Int+3}
   (You bought it in a shop on level 1 of the Elven Halls)

   [ring of wizardry]

   It improves your spell success rate.
   It affects your intelligence (+3).
   It greatly increases your willpower.
Wands
 a - a wand of digging (8)
 c - a wand of mindburst (13)
 h - a wand of flame (65)
 L - a wand of acid (26)
 X - a wand of iceblast (48)
Scrolls
 k - 3 scrolls of torment {!r}
 n - 14 scrolls of teleportation {@r4}
 p - 5 scrolls of blinking
 t - 16 scrolls of magic mapping
 z - 4 scrolls of fear
 A - 5 scrolls of vulnerability {!r}
 F - 3 scrolls of amnesia
 P - 10 scrolls of fog
 Q - a scroll of summoning
Potions
 d - 6 potions of brilliance
 g - 13 potions of curing {@q1}
 j - a potion of resistance
 m - 13 potions of flight
 o - 3 potions of magic
 s - 5 potions of mutation {!q}
 v - 4 potions of haste {@q3}
 x - 6 potions of might
 E - a potion of cancellation
 J - 3 potions of invisibility
 R - 4 potions of ambrosia
 T - 2 potions of heal wounds {@q2}
Miscellaneous
 b - a condenser vane (inert)
 r - a phantom mirror
 B - a lightning rod (4/4)
 C - a box of beasts (inert)
 U - a tin of tremorstones (2/2)
 V - a phial of floods

Dungeon Overview and Level Annotations

Branches:
Dungeon (15/15)            Temple (1/1) D:6            Lair (6/6) D:8
  Swamp (4/4) Lair:2       Spider (4/4) Lair:3        Slime (0/5) Lair:5
    Orc (2/2) D:10            Elf (3/3) Orc:2        Vaults (4/5) D:14
  Crypt (0/3) Vaults:2     Depths (5/5) D:15          IceCv (visited)
 WizLab (visited)         Desolation (visited)
    Zot: Depths:5

Altars:
Ashenzari
Cheibriados
Dithmenos
Elyvilon
Fedhas
Gozag
Hepliaklqana
Kikubaaqudgha
Makhleb
Nemelex Xobeh
Okawaru
Qazlal
Ru
Sif Muna
Trog
Uskayaw
Vehumet
Wu Jian
Xom
Yredelemnul
Zin
The Shining One
Lugonu

Shops:
D:4 (   D:6 !*   D:11 =   Orc:2 :**??   Elf:1 =*=*=:   Vaults:2 (   Vaults:3 [

Portals:
Hell: Depths:1 Depths:2 Depths:3 Depths:4 Depths:5
Abyss: Depths:1 Depths:4
Pandemonium: Depths:2 Depths:3
Ziggurat: Depths:1
Trove: D:11 (give 10 potions of heal wounds)

Annotations:
D:3 Grinder
D:8 Gastronok
D:11 Erolcha
D:15 3 runed translucent doors, exclusion: obsidian statue, Efebur's ghost, adept GrFi
Lair:6 exclusion: door
Swamp:2 exclusion: shambling mangrove, Frances
Swamp:4 Louise
Elf:1 6 runed translucent doors
Elf:3 2 transporters, freelancePsychic's ghost, adept KoBe
Vaults:4 2 transporters
Depths:1 exclusion: small abomination

#.≈▓ ▓≈..# #.≈▓ ▓≈..#
#.≈▓▓▓≈..# #.≈≈≈≈≈..#
#.≈≈≈≈≈..# #########
#........# ........#
########'#
........######§.....#
........#§§Ti§Yi@...#
........#§§###§.....#
.......T'..# #......#
..T.....#.## #......#
..!##'###.# ########
... #.# #.# ... #.#
#.# ...##.###T####
...'.........#


You could see an elephant (summoned, berserk), a spriggan rider, a deep troll
and a spriggan berserker (berserk, regenerating, strong-willed).


Message History

The spriggan berserker barely misses you.
The spriggan berserker hits you but does no damage.
The spriggan berserker hits your mature stingbat beast with a +0 war axe!!
Your mature stingbat beast hits the spriggan berserker!
Your mature stingbat beast stings the spriggan berserker!
The spriggan berserker hits your mature stingbat beast with a +0 war axe!!!
Your mature stingbat beast completely misses the spriggan berserker.
Your mature stingbat beast misses the spriggan berserker.
Your mature stingbat beast barely misses the spriggan berserker.
Your mature stingbat beast stings the spriggan berserker!
The spriggan berserker hits your mature stingbat beast with a +0 war axe!!
Your mature stingbat beast dies!
Your mature stingbat beast's corpse disappears in a puff of smoke!
The spriggan berserker shouts!
Clouds of freezing vapour condense around you!
The condenser dries out!
The spriggan berserker is engulfed in freezing vapours.
The elephant is engulfed in freezing vapours.
The spriggan rider is engulfed in freezing vapours.
The deep troll is engulfed in freezing vapours.
The spriggan rider is engulfed in freezing vapours.
The spriggan berserker hits you with a +0 war axe!!
* * * LOW HITPOINT WARNING * * *
The elephant is engulfed in freezing vapours.
Okay, then.
Unknown command.
You feel yourself speed up.
The spriggan berserker hits you with a +0 war axe!!!
You die...
Kikubaaqudgha rasps: "You have failed me!
Welcome... oblivion!"

Skill      XL: |  1  2  3  4  5  6  7  8  9 10 11 12 13 14 15 16 17 18 19 20 21 22 23 24 |
---------------+-------------------------------------------------------------------------+-----
Stealth        | 4 5 6 8 10 11 13 14 16 17 18 20 | 20.0
Necromancy     | 5 6 7 8 9 10 11 12 13 14 | 14.4
Fighting       | 2 4 5 7 9 10 11 12 13 | 13.9
Evocations     | 2 4 5 7 8 10 | 10.0
Short Blades   | 2 5 7 8 10 12 13 14 | 14.0
Spellcasting   | 3 4 5 7 9 10 11 13 14 15 16 | 16.5
Hexes          | 1 6 8 10 13 17 | 17.9
Ice Magic      | 1 3 4 5 |  5.0
Dodging        | 3 4 7 8 9 11 12 13 | 13.0
Shields        | 4 5 6 7 9 10 | 10.3
Armour         | 3 5 6 7 |  7.6
Throwing       | 2 |  2.0
Conjurations   | 3 4 6 8 9 10 12 | 12.1
Earth Magic    | 1 4 7 9 11 12 13 | 13.8
Transmutations | 2 |  2.4
Poison Magic   | 6 |  6.8
Fire Magic     | 3 |  3.1

Action                   |  1- 3 |  4- 6 |  7- 9 | 10-12 | 13-15 | 16-18 | 19-21 | 22-24 || total
-------------------------+-------+-------+-------+-------+-------+-------+-------+-------++-------
Melee: Unarmed           |     2 |       |       |       |       |       |       |       ||     2
       Bite              |     1 |     2 |    35 |    53 |   100 |   154 |   198 |   160 ||   703
       Club              |     1 |       |       |       |       |       |       |       ||     1
       Short sword       |     3 |    13 |       |       |   429 |   829 |       |       ||  1274
       Dagger            |       |    27 |     6 |   374 |   479 |     1 |   601 |   628 ||  2116
       Flail             |       |       |     3 |     5 |       |       |       |       ||     8
       Rapier            |       |       |   269 |    71 |       |   360 |   411 |   299 ||  1410
       Double sword      |       |       |       |       |       |       |       |    34 ||    34
Throw: Dart              |       |       |     1 |     4 |    20 |       |       |       ||    25
       Boomerang         |       |       |       |     1 |       |       |       |       ||     1
 Cast: Pain              |    92 |    79 |   116 |    16 |     4 |    32 |       |       ||   339
       Vampiric Draining |       |     6 |    30 |    16 |    39 |    62 |    54 |    56 ||   263
       Ensorcelled Hiber |       |       |     5 |   122 |   289 |   237 |    32 |    42 ||   727
       Confusing Touch   |       |       |       |    10 |    18 |       |       |       ||    28
       Dispel Undead     |       |       |       |    15 |    21 |    10 |    11 |    47 ||   104
       Animate Dead      |       |       |       |     1 |    12 |    19 |     2 |     5 ||    39
       Excruciating Woun |       |       |       |       |    16 |    26 |       |       ||    42
       Dazzling Flash    |       |       |       |       |     6 |    59 |       |       ||    65
       Poisonous Vapours |       |       |       |       |       |    83 |       |       ||    83
       Olgreb's Toxic Ra |       |       |       |       |       |    97 |    37 |    53 ||   187
       Petrify           |       |       |       |       |       |     1 |       |       ||     1
       Agony             |       |       |       |       |       |     3 |       |       ||     3
       Bolt of Magma     |       |       |       |       |       |    30 |       |       ||    30
       Borgnjor's Vile C |       |       |       |       |       |    10 |   239 |   251 ||   500
       Iron Shot         |       |       |       |       |       |       |    16 |    73 ||    89
       Invisibility      |       |       |       |       |       |       |       |     2 ||     2
       Orb of Destructio |       |       |       |       |       |       |       |    32 ||    32
Invok: Receive Corpses   |       |       |       |       |     4 |     3 |       |     4 ||    11
       Receive Necronomi |       |       |       |       |       |       |     1 |       ||     1
       Torment           |       |       |       |       |       |       |       |     3 ||     3
 Abil: Exsanguinate      |       |       |       |     1 |       |       |       |       ||     1
Evoke: Wand              |       |       |    24 |    14 |    15 |    20 |       |     2 ||    75
       Condenser vane    |       |       |       |       |     3 |     3 |     1 |     3 ||    10
       Tin of tremorston |       |       |       |       |     3 |     3 |       |       ||     6
       Lightning rod     |       |       |       |       |     2 |    13 |       |     1 ||    16
       Phantom mirror    |       |       |       |       |       |     2 |       |       ||     2
       Box of beasts     |       |       |       |       |       |       |       |     1 ||     1
  Use: Scroll            |       |       |    11 |     9 |    10 |    14 |     4 |    10 ||    58
       Potion            |       |       |       |     1 |     2 |     8 |     5 |    11 ||    27
 Stab: Sleeping          |       |       |    14 |    85 |   189 |   170 |    89 |   115 ||   662
       Distracted        |       |       |     1 |     1 |     3 |     3 |       |       ||     8
       Confused          |       |       |       |    11 |    27 |       |       |       ||    38
       Invisible         |       |       |       |       |     6 |    28 |       |     6 ||    40
       Petrifying        |       |       |       |       |       |     2 |       |       ||     2
Armor: Robe              |     6 |       |       |       |       |       |       |       ||     6
       Leather armour    |       |     6 |    81 |       |       |       |       |       ||    87
       Acid dragon scale |       |       |     8 |   142 |   145 |       |       |   157 ||   452
       Fire dragon scale |       |       |       |    41 |       |       |       |       ||    41
       Scale mail        |       |       |       |       |   108 |   517 |   304 |   190 ||  1119
Dodge: Dodged            |    20 |    55 |   258 |   372 |   735 |  1104 |   552 |   697 ||  3793
Block: Buckler           |       |       |       |       |   248 |   453 |   315 |   395 ||  1411
       Rpst.: Double sword |       |       |       |       |       |       |       |     6 ||     6

Levels and vault maps discovered:
D:1:      onia_arrival_zoo_common, layout_loops_cross,
          ebering_ecumenical_altar_rust
D:2:      layout_rooms
D:3:      layout_loops_corners, nemelex_dance_club_becter,
          grunt_temple_overflow_open, mrwooster_statue_mirror,
          minmay_surrounded, uniq_grinder
D:4:      layout_basic, serial_shops, shop_statue, uniq_eustachio, uniq_robin,
          uniq_pikel, uniq_edmund
D:5:      layout_rooms, small_statue_intersection
D:6:      minmay_flawed_box, layout_loops_ring, zin_statuary, marbit_many_paths,
          temple_hall, serial_shops, nicolae_shop_waterfront, shop,
          uniq_prince_ribbit1
D:7:      layout_loops_cross, eino_small_chamber_without_monster, uniq_harold,
          uniq_maggie
D:8:      layout_loops_ring, nicolae_wu_jian_immortal_techniques,
          nicolae_overflow_crystal_walls, lair_entry_dummy, uniq_gastronok
D:9:      layout_basic, lemuel_tele_altar
D:10:     layout_stronghold, orc_0_dummy, serial_glass, glass_columns_b,
          glass_columns_b
D:11:     layout_basic, nicolae_trove_entry_crystal, serial_shops, shop,
          st_stairs_12, fedhas_altar_1, uniq_psyche, uniq_erolcha
D:12:     layout_gridville, glass_columns_c
D:13:     layout_rooms, gammafunk_ghost_smash
D:14:     minmay_open_boxes_in_corner, layout_loops_ring, david_vaults_4,
          good_gods_temple_1, serial_ice, serial_ice_o, serial_ice_k,
          serial_ice_e, serial_ice_d, serial_ice_b, serial_ice_g,
          portal_ice_cave_entry_animals_and_master, chequers_decorated_corner
D:15:     grunt_enter_depths_magical_seal, layout_loops_ring,
          nicolae_qazlal_eye_of_the_storm, ebering_ghost_gozag,
          dk_noncrumbling_4, uniq_jorgrun
Temple:   nicolae_temple_figure_eight
Lair:1:   layout_small_grid, uniq_sonja
Lair:2:   layout_gridlike, swamp_mist_pool
Lair:3:   layout_cave_pods, spider_nest_entry_funnel_web,
          grunt_forest_large_clearing_hut, minmay_lair_oklob_chamber
Lair:4:   layout_cellular_growth, grunt_forest_small_clearings, ldierk_geyser
Lair:5:   layout_layer_cave, slime_dummy, st_stairs_3, uniq_kirke
Lair:6:   hangedman_lair_in_review, layout_regular_city, wormcave, st_stairs_5,
          gammafunk_lair_bear_cave, serial_bayou_shore_b
Swamp:1:  layout_falls_marsh, nicolae_swamp_some_circles, swamp_pool1,
          cheibrodos_swamp_minitomb
Swamp:2:  nicolae_swamp_wrong_neighborhood, layout_falls_marsh,
          ebering_ghost_inner_flame, nicolae_swamp_godswood, swamp_pool5,
          uniq_frances
Swamp:3:  layout_basic_swamp, evilmike_swamp_ruin_house_2
Swamp:4:  swamp_alternative, layout_basic_swamp, infiniplex_staircase_pool,
          uniq_aizul, uniq_louise
Spider:1: layout_spider_delve, hangedman_spider_tarantella_strand
Spider:2: layout_spider_delve
Spider:3: layout_spider_delve, nicolae_spider_circle_web
Spider:4: grunt_spider_rune_circles, uniq_mara
Orc:1:    layout_diamond_mine
Orc:2:    st_orc_open, layout_caves, serial_shops, shop
Elf:1:    layout_loops_corners, basic_altar, serial_shops, shop_coins,
          nicolae_shop_waterfront, nicolae_shop_behind_doors, orc_legates,
          nicolae_elf_w_pinch, minmay_shop_star
Elf:2:    layout_loops_corners, minivault_20, moated_statue,
          hellmonk_bongcloud_opening
Elf:3:    minmay_elf_hall_four_x, layout_onion_city, gammafunk_ghost_arena
Vaults:1: nicolae_vaults_mini_display_case, v_alt_pattern_4,
          vaults_room_ringed_pool, nicolae_vaults_back_hallway,
          nicolae_vaults_little_squares_1, grunt_vaults_hallway_long,
          ontoclasm_vaults_gallery, layout_vaults_chaotic_city,
          infiniplex_enter_wizlab_water
Vaults:2: vaults_standard_mumra_lines, minmay_crypt_entry_simple_walls,
          ontoclasm_vaults_hangar, v_pattern_2, v_misc_11, ontoclasm_vaults_eye,
          nicolae_vaults_branching_niches, nicolae_vaults_circle_grid_a,
          ontoclasm_vaults_misaligned, grunt_vaults_diagonal,
          ontoclasm_vaults_idyll, layout_vaults_omnibox, serial_shops, shop
Vaults:3: v_misc_18, vaults_room_stairs_pillars, v_misc_24,
          hangedman_vaults_pinch, hangedman_vaults_nails,
          nicolae_vaults_hallways_thing, nicolae_vaults_c_with_doors,
          nicolae_vaults_disjoint_gnomons, nicolae_vaults_specimen_jars,
          v_misc_5, grunt_vaults_twisty, nicolae_vaults_little_squares_4,
          vaults_room_mumra_shop_pool, layout_vaults_maze_bifur,
          portal_desolation_entry_garden
Vaults:4: gammafunk_the_bubble [the_bubble_gammafunk_plus_minus], serial_ice_m,
          v_alt_pattern_3, nicolae_vaults_circle_grid_b,
          nicolae_vaults_little_squares_5, ontoclasm_vaults_shuriken, v_misc_1,
          nicolae_vaults_border_crossing,
          vaults_standard_mumra_enter_the_diamond, nicolae_vaults_theta,
          v_misc_3, layout_vaults_omnicross, uniq_margery, uniq_sojobo
Depths:1: layout_cave_pools, enter_ziggurat_d, special_room
          [special_room_morgue], minmay_misc_feat_roman, serial_column_ruins,
          column_ruins_open_small_water, column_ruins_columns_corner,
          column_ruins_open_tiny, column_ruins_columns_straight,
          minmay_room_of_horrors, hell_entry, corexii_hall_statues_l,
          minmay_misc_feat_rugged, bloody_trog, serial_bayou_shore_a,
          uniq_enchantress
Depths:2: minmay_the_grid_triangle_9x9_recursive_2
          [minmay_the_grid_triangle_9x9_prize_insulated,
          minmay_the_grid_triangle_9x9_longest,
          minmay_the_grid_triangle_9x9_shrine,
          minmay_the_grid_triangle_9x9_semitri], layout_gridlike,
          infiniplex_staircase_pool_2, hell_entry, pan_entry
Depths:3: minmay_bloctagon, layout_gridlike, hell_entry, nicolae_benzene_ring,
          grunt_pan_entry_spiral, nicolae_water_bricks
Depths:4: cheibrodos_birdhouse, layout_gridlike, abyss_entry_flame_altar,
          hell_entry, minmay_curled_crystal, moated_statue, grunt_megastairs_5,
          uniq_xtahua
Depths:5: grunt_twist_and_shout, layout_gridlike, minmay_misc_feat_chi,
          grunt_hell_entry_dis_grunt

Notes
Turn   | Place    | Note
-------+----------+-------------------------------------------
     0 | D:1      | agentchuck the Vampire Necromancer began the quest for the
                  | Orb.
     0 | D:1      | Reached XP level 1. HP: 13/13 MP: 3/3
     6 | D:1      | Noticed a redback
     6 | D:1      | Noticed a swamp worm
     7 | D:1      | Noticed an anaconda
     7 | D:1      | Noticed a hog
   331 | D:1      | Reached XP level 2. HP: 18/19 MP: 1/5
   470 | D:1      | Reached skill level 4 in Stealth
   773 | D:1      | Found a faded altar of an unknown god.
  1074 | D:1      | Reached skill level 5 in Necromancy
  1074 | D:1      | Gained mutation: You are afflicted with vampirism and can
                  | become a bat while bloodless. [Vampire growth]
  1074 | D:1      | Reached XP level 3. HP: 21/24 MP: 1/6
  1938 | D:2      | Reached skill level 5 in Stealth
  2218 | D:3      | Found an opulent altar of Gozag.
  2221 | D:3      | Found a sacrificial altar of Ru.
  2344 | D:3      | Reached XP level 4. HP: 28/30 MP: 4/7
  2375 | D:3      | Found a sparkling altar of Nemelex Xobeh.
  2769 | D:3      | You fall into a shaft and drop 1 floor!
  2780 | D:4      | Identified the ring of Moral Flaws {Fire rN++}
  2826 | D:4      | Noticed Edmund
  2866 | D:4      | Noticed a lemure
  2868 | D:4      | Noticed Pikel
  3061 | D:3      | Reached skill level 6 in Stealth
  3061 | D:3      | Reached XP level 5. HP: 16/35 MP: 0/8
  3065 | D:3      | Learned a level 3 spell: Vampiric Draining
  3716 | D:3      | Noticed Grinder
  3926 | D:4      | Noticed Robin
  3978 | D:4      | Reached skill level 6 in Necromancy
  4006 | D:3      | Killed Robin
  4101 | D:4      | Reached skill level 1 in Fighting
  4419 | D:4      | Reached skill level 2 in Fighting
  4419 | D:4      | Reached XP level 6. HP: 34/44 MP: 1/9
  4421 | D:4      | Noticed Eustachio
  4658 | D:4      | Killed Pikel
  4659 | D:4      | Reached skill level 4 in Fighting
  4659 | D:4      | Reached skill level 7 in Necromancy
  4659 | D:4      | Reached XP level 7. HP: 28/54 MP: 0/10
  4784 | D:4      | Found Ofug's Antique Weapon Shop.
  4861 | D:4      | Reached skill level 8 in Necromancy
  4982 | D:4      | Killed Edmund
  5079 | D:4      | Killed Eustachio
  5080 | D:4      | Reached XP level 8. HP: 45/61 MP: 1/11
  5192 | D:5      | Entered Level 5 of the Dungeon
  5217 | D:4      | Reached skill level 5 in Fighting
  5585 | D:4      | Reached skill level 9 in Necromancy
  6263 | D:5      | Reached skill level 1 in Evocations
  6318 | D:6      | Found Kofeho's Distillery.
  6401 | D:6      | Bought a potion of curing for 42 gold pieces
  6401 | D:6      | Bought a potion of heal wounds for 70 gold pieces
  6401 | D:6      | Bought a potion of lignification for 42 gold pieces
  6401 | D:6      | Bought a potion of attraction for 42 gold pieces
  6550 | D:5      | Reached skill level 7 in Stealth
  6645 | D:6      | Reached skill level 2 in Evocations
  6810 | D:6      | Found a staircase to the Ecumenical Temple.
  6819 | Temple   | Entered the Ecumenical Temple
  7062 | Temple   | Became a worshipper of Kikubaaqudgha
  7156 | D:6      | Reached skill level 1 in Short Blades
  7156 | D:6      | Reached skill level 3 in Spellcasting
  7458 | D:6      | Learned a level 2 spell: Ensorcelled Hibernation
  7511 | D:6      | Found Konwoimm's General Store.
  7760 | D:5      | Reached skill level 8 in Stealth
  7789 | D:5      | Reached skill level 1 in Hexes
  7790 | D:5      | Reached skill level 2 in Short Blades
  7790 | D:5      | Reached XP level 9. HP: 58/68 MP: 2/13
  7903 | D:6      | Reached skill level 2 in Hexes
  8049 | D:6      | Noticed Prince Ribbit
  8143 | D:6      | Killed Prince Ribbit
  8144 | D:6      | Reached skill level 3 in Short Blades
  8144 | D:6      | Reached skill level 3 in Hexes
  8323 | D:6      | Reached skill level 9 in Stealth
  8440 | D:6      | Reached skill level 4 in Hexes
  8508 | D:6      | Found a hide-covered altar of Uskayaw.
  8598 | D:7      | Reached * piety under Kikubaaqudgha
  8598 | D:7      | Identified Kikubaaqudgha's Collected Works on Dark Rituals
                  | (Kikubaaqudgha gifted it to you on level 7 of the Dungeon)
  8598 | D:7      | Received a gift from Kikubaaqudgha
  8626 | D:7      | Noticed Harold
  8650 | D:7      | Reached skill level 4 in Short Blades
  8828 | D:7      | Reached skill level 5 in Hexes
  8998 | D:7      | Reached skill level 10 in Stealth
  9265 | D:7      | Noticed Maggie
  9296 | D:7      | Killed Maggie
  9297 | D:7      | Reached skill level 5 in Short Blades
  9297 | D:7      | Reached skill level 6 in Hexes
  9947 | D:8      | Reached skill level 1 in Ice Magic
 10029 | D:8      | Found a staircase to the Lair.
 10088 | D:8      | Reached XP level 10. HP: 75/76 MP: 9/14
 10093 | D:8      | Reached skill level 3 in Dodging
 10156 | D:8      | Found a burning altar of Makhleb.
 10171 | D:8      | Reached skill level 6 in Fighting
 10171 | D:8      | Reached skill level 2 in Ice Magic
 10264 | D:8      | Noticed Gastronok
 10457 | D:8      | Reached skill level 1 in Shields
 10469 | D:8      | Reached skill level 3 in Ice Magic
 10648 | D:8      | Found an ornate altar of the Wu Jian Council.
 10982 | D:9      | Reached skill level 2 in Shields
 11083 | D:8      | Reached ** piety under Kikubaaqudgha
 11190 | D:8      | Learned a level 3 spell: Confusing Touch
 11232 | D:9      | Found a bloodstained altar of Trog.
 11928 | D:9      | Reached skill level 3 in Shields
 11929 | D:9      | Reached skill level 7 in Fighting
 11933 | D:9      | Reached skill level 7 in Hexes
 12210 | D:10     | Entered Level 10 of the Dungeon
 12226 | D:10     | Reached skill level 4 in Shields
 12309 | D:10     | Reached skill level 8 in Hexes
 12419 | D:10     | Reached XP level 11. HP: 84/84 MP: 12/15
 12615 | D:10     | Noticed a two-headed ogre
 12635 | D:10     | Killed a two-headed ogre
 12636 | D:10     | Reached skill level 9 in Hexes
 13024 | D:10     | Found a staircase to the Orcish Mines.
 13225 | D:10     | Reached skill level 1 in Armour
 13679 | D:11     | Found a portal to a secret trove of treasure.
 13773 | D:11     | Noticed a two-headed ogre
 13775 | D:11     | Noticed a skeletal warrior
 13775 | D:11     | Noticed a skeletal warrior
 13775 | D:11     | Noticed a skeletal warrior
 13775 | D:11     | Noticed a skeletal warrior
 13775 | D:11     | Noticed a skeletal warrior
 13775 | D:11     | Noticed a boulder beetle
 13793 | D:11     | Killed a boulder beetle
 13848 | D:11     | Noticed Psyche
 13851 | D:11     | Killed Psyche
 13851 | D:11     | Reached *** piety under Kikubaaqudgha
 13851 | D:11     | Identified Kikubaaqudgha's Tome of Necromancy
                  | (Kikubaaqudgha gifted it to you on level 11 of the Dungeon)
 13851 | D:11     | Received a gift from Kikubaaqudgha
 13852 | D:11     | Reached skill level 10 in Hexes
 13854 | D:11     | Noticed an eight-headed hydra
 13861 | D:11     | Killed an eight-headed hydra
 13862 | D:11     | Reached skill level 6 in Short Blades
 13862 | D:11     | Reached skill level 2 in Armour
 13862 | D:11     | Reached skill level 4 in Dodging
 13983 | D:11     | Found Orripuw's Jewellery Shop.
 14007 | D:11     | Killed a two-headed ogre
 14024 | D:11     | Found a blossoming altar of Fedhas.
 14028 | D:11     | Noticed a two-headed ogre
 14038 | D:11     | Killed a two-headed ogre
 14039 | D:11     | Reached skill level 4 in Ice Magic
 14173 | D:11     | Reached skill level 11 in Stealth
 14329 | D:11     | Reached skill level 3 in Armour
 14687 | D:11     | Noticed Erolcha
 14706 | D:11     | Learned a level 4 spell: Dispel Undead
 14767 | D:10     | Killed a skeletal warrior
 14907 | D:10     | Killed a skeletal warrior
 15146 | D:11     | Killed a skeletal warrior
 15147 | D:11     | Reached skill level 7 in Short Blades
 15147 | D:11     | Reached skill level 4 in Spellcasting
 15147 | D:11     | Reached XP level 12. HP: 63/73 MP: 4/18
 15265 | D:11     | Reached skill level 5 in Dodging
 15265 | D:11     | Reached skill level 5 in Ice Magic
 15904 | Lair:1   | Entered Level 1 of the Lair of Beasts
 15969 | Lair:1   | Noticed Sonja
 15990 | Lair:1   | Killed Sonja
 16389 | Lair:1   | Reached skill level 12 in Stealth
 16552 | Lair:1   | Noticed a seven-headed hydra
 16561 | Lair:1   | You fall into a shaft and drop 1 floor!
 16707 | Lair:2   | Found a staircase to the Swamp.
 16933 | Lair:2   | Reached skill level 6 in Dodging
 17105 | Lair:2   | Reached skill level 5 in Spellcasting
 17203 | Lair:2   | Reached skill level 8 in Short Blades
 17397 | Lair:2   | Reached skill level 3 in Evocations
 17446 | Lair:2   | Learned a level 4 spell: Animate Dead
 17729 | Lair:2   | Reached **** piety under Kikubaaqudgha
 18186 | Lair:1   | Noticed a six-headed hydra
 18659 | Lair:1   | Reached skill level 13 in Stealth
 19089 | Lair:1   | Killed a seven-headed hydra
 19090 | Lair:1   | Reached skill level 7 in Dodging
 19541 | Lair:3   | Reached skill level 4 in Evocations
 19551 | Lair:3   | Reached skill level 5 in Shields
 19610 | Lair:3   | Reached XP level 13. HP: 78/78 MP: 21/21
 19678 | Lair:3   | Reached skill level 6 in Spellcasting
 19720 | Lair:3   | Reached skill level 8 in Fighting
 20651 | Lair:3   | Found a hole to the Spider Nest.
 21644 | Lair:5   | Reached skill level 14 in Stealth
 21655 | Lair:5   | Reached ***** piety under Kikubaaqudgha
 21814 | Lair:5   | Found a staircase to the Slime Pits.
 21939 | Lair:5   | Reached skill level 6 in Shields
 22063 | Lair:5   | Reached skill level 10 in Necromancy
 22211 | Lair:5   | Noticed Kirke
 22218 | Lair:5   | Reached skill level 7 in Spellcasting
 22315 | Lair:5   | Killed Kirke
 22594 | Lair:6   | Entered Level 6 of the Lair of Beasts
 22797 | Lair:6   | Reached skill level 9 in Fighting
 23127 | Lair:6   | Found a runed translucent door.
 23127 | Lair:6   | Noticed a fire dragon
 23133 | Lair:6   | Killed a fire dragon
 23266 | Lair:6   | Reached XP level 14. HP: 86/86 MP: 25/25
 23409 | Lair:6   | Reached skill level 15 in Stealth
 23474 | Lair:6   | Reached skill level 9 in Short Blades
 25006 | Lair:6   | Reached skill level 8 in Spellcasting
 25209 | Lair:6   | Reached skill level 11 in Necromancy
 25349 | Lair:6   | HP: 6/86 [lindwurm/blast of flame (35)]
 25363 | Lair:6   | Reached skill level 8 in Dodging
 27807 | D:12     | Reached skill level 1 in Throwing
 27910 | D:12     | Reached skill level 16 in Stealth
 27916 | D:12     | Learned a level 3 spell: Dazzling Flash
 27922 | D:12     | Learned a level 5 spell: Agony
 27928 | D:12     | Learned a level 5 spell: Excruciating Wounds
 28463 | D:13     | Reached skill level 10 in Short Blades
 28507 | D:13     | Reached skill level 5 in Evocations
 28695 | D:13     | Found a transporter.
 28695 | D:13     | Noticed krigyl's ghost (journeyman DEIE)
 28698 | D:13     | Found a transporter.
 28968 | D:13     | Reached skill level 2 in Throwing
 29103 | D:7      | Killed Harold
 29293 | D:14     | Reached skill level 9 in Spellcasting
 29319 | D:14     | Reached XP level 15. HP: 90/90 MP: 28/28
 29474 | D:14     | Reached ****** piety under Kikubaaqudgha
 29567 | D:14     | Found a frozen archway.
 29761 | IceCv    | Entered an ice cave
 29982 | IceCv    | Reached skill level 4 in Armour
 30426 | D:14     | Reached skill level 12 in Necromancy
 31116 | D:14     | Identified the +6 scale mail of Sin {rC+ Will+ Str+4
                  | Stlth+}
 31148 | D:14     | Upgraded the game from 0.27-a0-1144-g0b7d3b79db to
                  | 0.27-a0-1147-gb3d8e82157
 31194 | D:14     | Reached skill level 6 in Evocations
 31263 | D:14     | Found a gate to the Vaults.
 31266 | D:14     | Identified the +0 plate armour of the Lizard {rC- Regen+
                  | Slay+5 SInv}
 31562 | D:14     | Reached skill level 1 in Conjurations
 32005 | D:15     | Entered Level 15 of the Dungeon
 32176 | D:15     | Gained mutation: You expend magic power (3 MP) to
                  | strengthen your wands. [a shining eye]
 32424 | D:15     | Found a stormy altar of Qazlal.
 32533 | D:15     | Reached skill level 2 in Conjurations
 32584 | D:15     | Found a runed translucent gate.
 32584 | D:15     | Found a runed translucent gate.
 32584 | D:15     | Found an opulent altar of Gozag.
 32585 | D:15     | Found a runed translucent gate.
 32585 | D:15     | Noticed Jorgrun
 32586 | D:15     | Noticed Efebur's ghost (adept GrFi)
 32589 | D:15     | Killed Jorgrun
 32595 | D:15     | Noticed a fire giant
 32613 | D:15     | Reached skill level 5 in Armour
 32628 | D:15     | Reached skill level 10 in Fighting
 34026 | D:15     | Reached skill level 7 in Evocations
 34045 | D:15     | Found a staircase to the Depths.
 34114 | D:15     | Reached skill level 3 in Conjurations
 34397 | D:13     | Killed krigyl's ghost
 34428 | D:13     | Reached skill level 10 in Spellcasting
 34428 | D:13     | Reached skill level 1 in Earth Magic
 34656 | Orc:1    | Entered Level 1 of the Orcish Mines
 35217 | Orc:2    | Entered Level 2 of the Orcish Mines
 35223 | Orc:2    | Found Dicuwniy's Book Emporium.
 35390 | Orc:2    | Reached XP level 16. HP: 61/98 MP: 26/30
 35669 | Orc:2    | Found Oletiec's Assorted Antiques.
 35710 | Orc:2    | Reached skill level 2 in Earth Magic
 36002 | Orc:2    | Reached skill level 9 in Dodging
 36145 | Orc:2    | Found Noistruh's General Store.
 36159 | Orc:2    | Reached skill level 6 in Armour
 36347 | Orc:2    | Reached skill level 3 in Earth Magic
 36427 | Orc:2    | Found Azysuvuf's Magic Scroll Shoppe.
 36429 | Orc:2    | Found Zefe's Magic Scroll Emporium.
 36431 | Orc:2    | Bought a scroll of identify for 30 gold pieces
 36431 | Orc:2    | Bought a scroll of teleportation for 45 gold pieces
 36431 | Orc:2    | Bought a +2 pair of gloves of dexterity for 322 gold pieces
 36609 | Orc:2    | Found a staircase to the Elven Halls.
 36716 | Orc:2    | Bought a scroll of magic mapping for 59 gold pieces
 36716 | Orc:2    | Bought a scroll of teleportation for 51 gold pieces
 36716 | Orc:2    | Bought a scroll of identify for 34 gold pieces
 36716 | Orc:2    | Identified a potion of resistance
 36838 | Orc:2    | Bought a scroll of blinking for 90 gold pieces
 37355 | Orc:2    | Bought a runed ring mail for 154 gold pieces
 37371 | Orc:2    | Learned a level 4 spell: Petrify
 37723 | Spider:1 | Entered Level 1 of the Spider Nest
 37815 | Spider:1 | Reached skill level 1 in Transmutations
 38275 | Spider:1 | Reached skill level 4 in Earth Magic
 38430 | Spider:1 | Reached skill level 2 in Transmutations
 38800 | Spider:1 | Identified the Grimoire of Enthralling Poison
 38805 | Spider:1 | Learned a level 2 spell: Poisonous Vapours
 38858 | Spider:1 | Reached skill level 1 in Poison Magic
 39177 | Spider:1 | Reached skill level 2 in Poison Magic
 39545 | Spider:1 | Reached skill level 3 in Poison Magic
 40053 | Spider:2 | Reached skill level 4 in Poison Magic
 40927 | Spider:2 | Reached skill level 5 in Poison Magic
 41120 | Spider:2 | Identified the +7 battleaxe of Honour {flame, Fly rCorr}
 41831 | Spider:2 | Reached skill level 6 in Poison Magic
 41838 | Spider:2 | Learned a level 4 spell: Olgreb's Toxic Radiance
 42635 | Spider:3 | Reached XP level 17. HP: 104/104 MP: 26/31
 42660 | Spider:3 | Reached skill level 11 in Short Blades
 43445 | Spider:4 | Entered Level 4 of the Spider Nest
 43900 | Spider:4 | Identified the +3 ring mail of the Fisher {rC+}
 43990 | Spider:4 | Reached skill level 5 in Earth Magic
 44306 | Spider:4 | Reached skill level 10 in Dodging
 44488 | Spider:4 | Noticed Mara
 45231 | Spider:4 | Reached skill level 6 in Earth Magic
 45596 | Spider:4 | Reached skill level 12 in Short Blades
 45666 | Spider:4 | Reached skill level 11 in Fighting
 45848 | Spider:4 | Got a gossamer rune of Zot
 45950 | Spider:4 | Noticed agentchuck's illusion
 45950 | Spider:4 | Killed Mara
 46374 | Swamp:1  | Entered Level 1 of the Swamp
 46495 | Swamp:1  | Reached skill level 11 in Dodging
 47045 | Swamp:1  | Reached skill level 7 in Earth Magic
 47901 | Swamp:2  | Found a snail-covered altar of Cheibriados.
 48192 | Swamp:2  | Noticed Frances
 48262 | Swamp:2  | Identified a scroll of acquirement
 48270 | Swamp:2  | Acquired the +5 rapier of Triumph {freeze, rF++ Int+4}
 48896 | Swamp:3  | Reached skill level 11 in Spellcasting
 48966 | Swamp:3  | Identified the +2 quarterstaff of Patterns {venom, rPois}
 48983 | Swamp:3  | Identified the +8 arbalest "Zoczaga" {flame, rC- Str+3
                  | SInv}
 49043 | Swamp:3  | Reached XP level 18. HP: 76/110 MP: 23/33
 49436 | Swamp:4  | Entered Level 4 of the Swamp
 49780 | Swamp:4  | Reached skill level 13 in Necromancy
 50788 | Swamp:3  | Reached skill level 8 in Earth Magic
 51060 | Swamp:4  | Noticed Aizul
 51077 | Swamp:4  | Killed Aizul
 51416 | Swamp:4  | Reached skill level 17 in Stealth
 51525 | Swamp:4  | Noticed Louise
 51729 | Swamp:4  | Got a decaying rune of Zot
 52379 | Elf:1    | Entered Level 1 of the Elven Halls
 52442 | Elf:1    | Found Metuts's Jewellery Shop.
 52444 | Elf:1    | Found Pyubeur's Jewellery Boutique.
 52446 | Elf:1    | Found Effanlah's Assorted Antiques.
 52465 | Elf:1    | Bought a scroll of teleportation for 81 gold pieces
 52469 | Elf:1    | Bought the ring of the Mage {Wiz Will++ Int+3} for 775 gold
                  | pieces
 52469 | Elf:1    | Found the ring of the Mage {Wiz Will++ Int+3}
 52473 | Elf:1    | Bought a ring of the Octopus King {rF+ AC+1 EV+1 Str+1
                  | Int+1 Dex+1} for 607 gold pieces
 52473 | Elf:1    | Found the ring of the Octopus King {rF+ AC+1 EV+1 Str+1
                  | Int+1 Dex+1}
 52700 | D:6      | Bought a scroll of acquirement for 780 gold pieces
 52700 | D:6      | Bought a scroll of blinking for 112 gold pieces
 52700 | D:6      | Acquired a book of Annihilations
 52964 | Elf:1    | Found a radiant altar of Vehumet.
 53929 | D:8      | Learned a level 5 spell: Bolt of Magma
 54722 | Elf:1    | Reached skill level 1 in Fire Magic
 54898 | Elf:1    | Found Yshasmum's Jewellery Boutique.
 55034 | Elf:1    | Reached skill level 9 in Earth Magic
 55209 | Elf:1    | Found Bounos's Book Boutique.
 55272 | Elf:1    | Reached skill level 2 in Fire Magic
 55481 | Elf:1    | Found Emosew's Assorted Antiques.
 55587 | Elf:1    | Reached skill level 4 in Conjurations
 56004 | Elf:1    | Reached skill level 3 in Fire Magic
 56095 | Elf:1    | Found a runed translucent gate.
 56095 | Elf:1    | Found a runed translucent gate.
 56095 | Elf:1    | Found a runed translucent gate.
 56095 | Elf:1    | Found a runed translucent gate.
 56095 | Elf:1    | Found a runed translucent gate.
 56096 | Elf:1    | Found a runed translucent gate.
 56935 | Orc:2    | Bought a book of Unlife for 650 gold pieces
 56942 | Orc:2    | Learned a level 5 spell: Borgnjor's Vile Clutch
 57295 | Elf:2    | Identified a +1 robe of the Archmagi
 57324 | Elf:2    | Reached skill level 13 in Short Blades
 57518 | Elf:2    | Reached XP level 19. HP: 48/114 MP: 28/34
 58216 | Elf:2    | Found a runed translucent gate.
 58216 | Elf:2    | Found a runed translucent gate.
 58216 | Elf:2    | Found a runed translucent gate.
 59291 | Elf:2    | Reached skill level 7 in Armour
 59413 | Elf:2    | Reached skill level 12 in Spellcasting
 59413 | Elf:2    | Reached skill level 14 in Necromancy
 59699 | Elf:3    | Entered Level 3 of the Elven Halls
 60715 | Elf:3    | Noticed freelancePsychic's ghost (adept KoBe)
 60728 | Elf:3    | Found a transporter.
 60967 | Elf:3    | Found a transporter.
 61694 | Elf:3    | Reached skill level 14 in Short Blades
 62152 | Elf:3    | Reached skill level 12 in Dodging
 62279 | Elf:3    | Reached skill level 8 in Evocations
 62864 | Elf:3    | Reached skill level 13 in Spellcasting
 62864 | Elf:3    | Reached XP level 20. HP: 113/120 MP: 24/37
 63529 | Elf:3    | Identified the +3 hand crossbow of Vocyuxat {elec, rPois}
 63539 | Elf:3    | Identified the +7 hunting sling "Rumiag" {flame, rPois}
 63555 | Elf:3    | Identified the +6 scale mail "Erupli" {Int+3}
 63575 | Elf:3    | Found the ring of Shadows {Umbra +Inv Stlth+}
 63578 | Elf:3    | Found the +4 dagger "Morg" {pain, Will+ Int+5}
 63651 | Elf:3    | Identified the amulet of Miracles {Faith rF++ Int-5}
 63956 | Orc:2    | Bought a scroll of amnesia for 42 gold pieces
 63957 | Orc:2    | Received a gift from Kikubaaqudgha
 64153 | Vaults:1 | Entered Level 1 of the Vaults
 64369 | Vaults:1 | Learned a level 6 spell: Iron Shot
 64458 | Vaults:1 | Found a magical portal.
 64478 | WizLab   | Entered Lehudib's Moon Base
 64827 | WizLab   | Reached skill level 10 in Earth Magic
 64852 | WizLab   | Reached skill level 5 in Conjurations
 65289 | WizLab   | Found a transporter.
 66214 | WizLab   | Reached skill level 12 in Fighting
 66459 | WizLab   | Gained mutation: You are clumsy. (Dex -2) [a cacodemon]
 66466 | WizLab   | Gained mutation: You are dopey. (Int -2) [a cacodemon]
 66794 | WizLab   | Identified the ring "Xifoits" {Str-3 Int+8 Dex-3 Slay+4}
 66830 | WizLab   | Found a transporter.
 66951 | WizLab   | Reached skill level 6 in Conjurations
 67117 | WizLab   | Reached skill level 11 in Earth Magic
 67310 | WizLab   | Identified the ring "Gaanuot" {+Blink rF+ rN+ Dex+6}
 67312 | WizLab   | Identified the ring of Muguc {Ice rN+ Int+3 Dex-4}
 67492 | Vaults:1 | Reached skill level 14 in Spellcasting
 67503 | Vaults:1 | Upgraded the game from 0.27-a0-1147-gb3d8e82157 to
                  | 0.27-a0-1149-g4505690ab0
 68199 | Vaults:1 | Reached XP level 21. HP: 44/127 MP: 20/39
 70470 | Vaults:1 | Reached skill level 7 in Conjurations
 72096 | Vaults:2 | Reached skill level 12 in Earth Magic
 72535 | Vaults:2 | Found Miumes's Weapon Shoppe.
 72600 | Vaults:2 | Reached skill level 13 in Fighting
 73114 | Vaults:2 | Noticed a curse skull
 73274 | Vaults:2 | Killed a curse skull
 73275 | Vaults:2 | Reached skill level 7 in Shields
 73883 | Vaults:2 | Found a staircase to the Crypt.
 73933 | Vaults:3 | Reached skill level 8 in Conjurations
 74050 | Vaults:3 | Found Ucwutiti's Armour Boutique.
 74102 | Vaults:3 | Found a ruined gateway.
 74212 | Desolati | Entered the Desolation of Salt
 74313 | Desolati | Reached skill level 18 in Stealth
 74390 | Desolati | Reached XP level 22. HP: 107/135 MP: 9/40
 74907 | Desolati | Identified the ring "Ulamowim" {Ice rElec rN+ Str+3}
 75230 | Desolati | Reached skill level 8 in Shields
 75393 | Desolati | Identified Ojabloem's Handbook of Hurtful Translocation
 75396 | Desolati | Identified the Collected Works on Dusty Feathers
 75518 | Desolati | Reached skill level 13 in Earth Magic
 75667 | Desolati | Identified the Guide on Dark Arts and Summoning
 75683 | Desolati | Identified the ring of Ypsyu {rCorr Int+6 Dex-4}
 75931 | Desolati | Reached skill level 11 in Hexes
 77013 | Vaults:3 | Reached skill level 19 in Stealth
 77495 | Vaults:3 | Reached skill level 9 in Shields
 77497 | Vaults:3 | Reached skill level 12 in Hexes
 78795 | Vaults:3 | Learned a level 6 spell: Invisibility
 79252 | Vaults:4 | Noticed Sojobo
 79406 | Vaults:4 | Identified the +0 buckler of the Kettle-Drum {rN+ Str+4
                  | Dex-4}
 79563 | Vaults:4 | Reached skill level 13 in Hexes
 79782 | Vaults:4 | Reached skill level 20 in Stealth
 79955 | Vaults:4 | Reached skill level 9 in Conjurations
 79960 | Vaults:4 | Reached XP level 23. HP: 140/140 MP: 41/41
 80090 | Vaults:4 | Reached skill level 10 in Shields
 80394 | Vaults:4 | Noticed an ancient lich
 80399 | Vaults:4 | Found a transporter.
 80399 | Vaults:4 | Found a transporter.
 80945 | Vaults:4 | HP: 7/140 [tengu reaver/bolt of lightning[Sojobo] (49)]
 81267 | Vaults:4 | Killed Sojobo
 82135 | Depths:1 | Entered Level 1 of the Depths
 82141 | Depths:1 | Reached skill level 15 in Spellcasting
 82279 | D:15     | Reached skill level 14 in Hexes
 82924 | Depths:1 | Noticed the Enchantress
 83029 | D:15     | Killed the Enchantress
 84525 | Depths:1 | Reached skill level 15 in Hexes
 84676 | Depths:1 | Identified the +2 long sword of the Modern Towns {pain,
                  | Str+4}
 84681 | Depths:1 | Found a one-way gate to the infinite horrors of the Abyss.
 84811 | Depths:1 | Found a gateway to a ziggurat.
 85059 | Depths:1 | Found a bloodstained altar of Trog.
 85069 | Depths:1 | Found a gateway to Hell.
 86037 | Depths:1 | Reached skill level 16 in Hexes
 86341 | Depths:1 | Identified the Volume of Stolen Souls
 86396 | Depths:2 | Found a one-way gate leading to the halls of Pandemonium.
 86518 | Depths:2 | Reached skill level 10 in Conjurations
 87301 | Depths:2 | HP: 3/140 [spark wasp/living lightning (32)]
 87303 | Depths:2 | Reached skill level 17 in Hexes
 87789 | Depths:2 | Found a blossoming altar of Fedhas.
 88094 | Depths:2 | Noticed a juggernaut
 88138 | Depths:2 | Killed a juggernaut
 88535 | Depths:2 | Reached XP level 24. HP: 109/145 MP: 15/42
 88927 | Depths:2 | Learned a level 8 spell: Discord
 89171 | Vaults:3 | Bought the +2 pair of boots "Nunuk" {*Corrode rElec rF+++
                  | MP-9} for 780 gold pieces
 90137 | Depths:2 | Learned a level 7 spell: Orb of Destruction
 90177 | Depths:3 | Reached skill level 9 in Evocations
 90194 | Depths:3 | Reached skill level 16 in Spellcasting
 90724 | Depths:3 | Reached skill level 11 in Conjurations
 92172 | Depths:4 | Identified the +7 scimitar "Nidijis" {flame, rCorr Dex+2}
 93060 | Depths:4 | Noticed Xtahua
 93193 | Depths:3 | Killed Xtahua
 93482 | Depths:4 | Found a corrupted altar of Lugonu.
 94501 | Depths:4 | Reached skill level 10 in Evocations
 94882 | Depths:4 | Reached skill level 12 in Conjurations
 95140 | Depths:5 | Entered Level 5 of the Depths
 95249 | Depths:5 | Reached skill level 13 in Dodging
 95466 | Depths:5 | Slain by a spriggan berserker

Vanquished Creatures
  Mara (Spider:4)
  A juggernaut (Depths:2)
  Sojobo (Vaults:4)
  Xtahua (Depths:3)
  the Enchantress (D:15)
  A moon troll (WizLab)
  Jorgrun (D:15)
  2 deep elf blademasters (Elf:3)
  3 deep elf master archers (Elf:3)
  A quicksilver dragon (WizLab)
  5 liches
  A titan (Depths:2)
  A shadow dragon (Depths:1)
  8 tentacled starspawn (WizLab)
  A thorn hunter (Swamp:3)
  4 sphinxes
  A storm dragon (Depths:2)
  6 tengu reavers
  4 ghost moths
  7 deep elf sorcerers
  A cacodemon (WizLab)
  15 vault wardens
  8 fire giants
  9 frost giants
  An iron dragon (Depths:4)
  3 imperial myrmidons (Desolation)
  3 orc warlords
  Aizul (Swamp:4)
  6 emperor scorpions
  A curse skull (Vaults:2)
  8 deep elf elementalists (Elf:3)
  3 spriggan defenders (D:15)
  13 ironbound preservers
  34 very ugly things
  6 war gargoyles
  3 vampire knights
  12 stone giants
  The ghost of krigyl the Gelid, a journeyman DEIE of Sif Muna (D:13)
  9 deep elf demonologists
  8 deep elf annihilators
  An entropy weaver (Spider:1)
  2 halazid warlocks (Desolation)
  8 dire elephants
  8 spark wasps
  3 bunyips
  9 ettins
  A merfolk javelineer (Depths:3)
  4 crystal guardians
  9 deep elf death magi
  5 eleionomae
  4 deep elf high priests (Elf:3)
  A merfolk impaler (Depths:1)
  A shambling mangrove (Swamp:4)
  9 ragged hierophants (Desolation)
  7 jiangshi
  10 ironbound thunderhulks
  12 vault guards
  5 servants of whispers (Desolation)
  11 great orbs of eyes
  10 yaktaur captains
  25 hydras
  Harold (D:7)
  11 fire dragons
  5 boulder beetles
  11 peacekeepers
  10 spriggan air magi
  3 ogre magi
  4 ice dragons
  2 catoblepae
  5 rakshasas
  A ghost crab (Swamp:4)
  19 centaur warriors
  5 alligators
  14 ironbound frosthearts
  32 dancing weapons
  A death knight (Depths:1)
  20 two-headed ogres
  6 death yaks (Lair:6)
  8 vampire magi
  12 deep troll earth magi
  7 tengu warriors
  3 orc high priests
  9 ironbound beastmasters
  6 deep troll shamans
  2 soul eaters (Depths:1)
  Sonja (Lair:1)
  9 hell knights (Depths:4)
  5 spriggan berserkers
  8 iron trolls
  A wretched star (WizLab)
  21 deep elf knights
  7 skeletal warriors
  4 goliath frogs
  A golden dragon zombie (Depths:1)
  2 shadow wraiths
  An orange crystal statue (WizLab)
  2 flayed ghosts
  58 deep trolls
  9 swamp dragons
  19 deep elf archers
  7 glowing orange brains
  5 spriggan druids
  8 necromancers
  10 wizards
  Pikel (D:4)
  5 bog bodies
  14 lindwurms
  A wolf spider zombie (D:15)
  8 harpies
  30 deep elf pyromancers
  7 orc knights
  16 ironbound convokers
  4 oklob plants (Lair:3)
  2 phantasmal warriors (Vaults:3)
  A shining eye (shapeshifter) (D:15)
  25 wolf spiders
  22 deep elf zephyrmancers
  8 cyclopes
  23 orb spiders
  2 manticores (Lair:6)
  A salamander (shapeshifter) (D:14)
  2 orc sorcerers
  3 will-o-the-wisps
  45 ugly things
  10 elephants
  A stone giant zombie (Depths:1)
  A moth of wrath (Spider:4)
  4 guardian serpents (Desolation)
  15 vault sentinels
  5 black mambas
  An elf zombie (Vaults:2)
  3 ice statues (IceCv)
  7 eyes of devastation (WizLab)
  3 molten gargoyles (Desolation)
  A gargoyle (D:13)
  3 centaur skeletons (D:15)
  Maggie (D:7)
  3 rime drakes
  11 cane toads
  6 torpor snails
  Psyche (D:11)
  6 kobold demonologists
  30 yaktaurs
  9 komodo dragons
  5 tengu conjurers
  9 demonic crawlers
  A merfolk (shapeshifter) (Vaults:1)
  A bloated husk (Swamp:1)
  29 jumping spiders
  7 polar bears
  26 hornets
  8 trolls (Orc:2)
  A wolf spider simulacrum (D:14)
  11 tyrant leeches
  38 slime creatures
  A blink frog (shapeshifter) (D:15)
  Prince Ribbit (D:6)
  49 saltlings (Desolation)
  2 dream sheep (Lair:6)
  10 blink frogs
  2 air elementals (Elf:3)
  A deep troll zombie (Depths:1)
  A redback (shapeshifter) (D:14)
  A centaur simulacrum (D:14)
  2 shadows
  22 spriggans
  28 tarantellas
  2 wraiths (D:8)
  67 redbacks
  A vampire (D:10)
  10 water elementals
  4 fire elementals
  12 golden eyes (WizLab)
  6 hogs (Lair:5)
  45 yaks
  5 wyverns
  4 basilisks
  A deep troll skeleton (Depths:1)
  A human (shapeshifter) (D:14)
  Eustachio (D:4)
  2 neqoxecs
  2 steam dragons (D:8)
  14 vampire mosquitoes
  A yaktaur simulacrum (Vaults:2)
  5 wargs
  11 swamp worms
  Edmund (D:4)
  2 acid dragons
  15 water moccasins
  A hornet zombie (D:15)
  A human zombie (Vaults:2)
  10 ice beasts
  5 swamp drakes
  17 orc warriors
  5 black bears
  A sky beast (D:4)
  17 wolves
  3 necrophages
  23 ogres
  12 centaurs
  18 bullfrogs
  3 earth elementals
  11 kobold brigands
  A scorpion (D:4)
  A water moccasin zombie (D:6)
  A troll zombie (Swamp:1)
  7 howler monkeys
  2 troll skeletons (Swamp:1)
  2 electric eels
  3 bullfrog zombies
  4 centaur zombies
  4 hounds
  19 orc priests
  A bullfrog skeleton (D:6)
  A jelly (D:4)
  A gnoll shaman (Orc:2)
  3 iguanas
  28 orc wizards
  A killer bee zombie (D:7)
  Robin (D:3)
  2 howler monkey zombies (D:5)
  9 gnolls
  A howler monkey skeleton (D:6)
  6 adders
  3 white imps
  4 ufetubi
  2 worms (D:2)
  3 dart slugs
  57 orcs
  7 ball pythons
  5 endoplasms
  4 giant cockroaches
  8 goblins
  4 hobgoblins
  2 quokkas
  8 bats
  4 frilled lizards
  21 kobolds
  3 rats
  A starspawn tentacle (WizLab)
1886 creatures vanquished.

Vanquished Creatures (collateral kills)
  Kirke (Lair:5)
  A very ugly thing (Depths:2)
  A death yak (Lair:6)
  An alligator (Swamp:3)
  A wolf spider (Spider:2)
  An ugly thing (Depths:2)
  2 elephants (Lair:2)
  A demonic crawler (Spider:1)
  A jumping spider (Spider:1)
  A yak (Lair:6)
  4 redbacks
  2 water moccasins (Lair:6)
  An ogre (Orc:2)
  4 wolves (Lair:6)
  2 orc wizards
24 creatures vanquished.

Vanquished Creatures (others)
  An eleionoma (Swamp:1)
  A hydra (Swamp:4)
  A tengu warrior (Depths:3)
  An alligator (Swamp:4)
  A deep elf zephyrmancer (Elf:1)
  A yaktaur (Vaults:3)
  2 bloated husks
  A swamp worm (Swamp:1)
  2 briar patches (Swamp:3)
  2 bushes (Lair:6)
  3 demonic plants (WizLab)
  16 foxfires
  35 fungi
  11 pillars of salt (Vaults:3)
  82 plants
  21 starspawn tentacles (WizLab)
181 creatures vanquished.

Grand Total: 2091 creatures vanquished

Table legend: (Time is in decaauts)
 A = Elapsed time spent in this place.
 B = Non-inter-level travel time spent in this place.
 C = Inter-level travel time spent in this place.
 D = Time resting spent in this place.
 E = Time spent auto-exploring this place.
 F = Levels seen in this place.
 G = Mean time per level.
                   A        B        C        D        E       F      G
               +--------+--------+--------+--------+--------+-----+--------+
         Total |  94107 |  87144 |   6963 |  38586 |  18643 |  47 | 2002.3 |
       Dungeon |  25886 |  23112 |   2774 |   8608 |   7460 |  15 | 1725.7 |
        Temple |    255 |    208 |     47 |      0 |    207 |   1 |  255.0 |
          Lair |  11645 |  10791 |    854 |   3741 |   2910 |   6 | 1940.8 |
         Swamp |   6037 |   5377 |    660 |   2489 |    612 |   4 | 1509.2 |
   Spider Nest |   8342 |   7809 |    533 |   3251 |   1957 |   4 | 2085.5 |
  Orcish Mines |   3928 |   3450 |    478 |   1661 |    722 |   2 | 1964.0 |
   Elven Halls |   9676 |   9396 |    280 |   5194 |   1307 |   3 | 3225.3 |
        Vaults |  12368 |  11535 |    833 |   5470 |   2543 |   4 | 3092.0 |
        Depths |  10357 |   9855 |    502 |   5177 |    860 |   5 | 2071.4 |
      Ice Cave |    607 |    607 |      0 |    276 |      0 |   1 |  607.0 |
        Wizlab |   2761 |   2761 |      0 |   1670 |     65 |   1 | 2761.0 |
    Desolation |   2239 |   2239 |      0 |   1046 |      0 |   1 | 2239.0 |
               +--------+--------+--------+--------+--------+-----+--------+

Top non-repeatable levels by time:
    D:15: 4806 daAuts
  Lair:6: 3954 daAuts
   Elf:3: 3850 daAuts
Vaults:2: 3584 daAuts
Vaults:1: 3220 daAuts
   Elf:1: 3196 daAuts
   Orc:2: 3174 daAuts
Depths:2: 3144 daAuts
Vaults:4: 2922 daAuts
Depths:3: 2784 daAuts
  WizLab: 2761 daAuts
Spider:1: 2710 daAuts
Vaults:3: 2641 daAuts
   Elf:2: 2629 daAuts
 Swamp:3: 2393 daAuts

Table legend:
 A = Non-vault XP
 B = Vault XP
 C = Vault XP percentage of total XP
 D = Non-vault monster count
 E = Vault monster count
 F = Vault count percentage of total count
                 A         B        C        D         E       F
            +---------+---------+-------+---------+---------+-------
      Total |  579371 |  551698 |  48.8 |    1198 |     716 |  37.4
            +---------+---------+-------+---------+---------+-------
        D:1 |      44 |       0 |   0.0 |      25 |       0 |   0.0
        D:2 |      49 |       0 |   0.0 |      11 |       0 |   0.0
        D:3 |     104 |      41 |  28.3 |      15 |       7 |  31.8
        D:4 |     586 |    1005 |  63.2 |      13 |       9 |  40.9
        D:5 |     463 |     154 |  25.0 |      18 |       2 |  10.0
        D:6 |     893 |     515 |  36.6 |      22 |       8 |  26.7
        D:7 |    1111 |    1385 |  55.5 |      23 |       2 |   8.0
        D:8 |    2386 |       0 |   0.0 |      20 |       0 |   0.0
        D:9 |    2228 |       0 |   0.0 |      17 |       0 |   0.0
       D:10 |    5310 |       0 |   0.0 |      27 |       0 |   0.0
       D:11 |    6748 |    1567 |  18.8 |      17 |       3 |  15.0
       D:12 |    4236 |       0 |   0.0 |      21 |       0 |   0.0
       D:13 |    5633 |    5251 |  48.2 |      13 |       8 |  38.1
       D:14 |   11332 |   10310 |  47.6 |      28 |      29 |  50.9
       D:15 |   22788 |   17888 |  44.0 |      36 |      18 |  33.3
     Lair:1 |    5289 |     814 |  13.3 |      17 |       1 |   5.6
     Lair:2 |    7368 |       0 |   0.0 |      30 |       0 |   0.0
     Lair:3 |    4486 |    5832 |  56.5 |      17 |      15 |  46.9
     Lair:4 |    2842 |       0 |   0.0 |      16 |       0 |   0.0
     Lair:5 |    4492 |    3500 |  43.8 |      10 |       9 |  47.4
     Lair:6 |   13082 |   19210 |  59.5 |      45 |      43 |  48.9
    Swamp:1 |    9102 |    2475 |  21.4 |      19 |       7 |  26.9
    Swamp:2 |    5185 |       0 |   0.0 |      14 |       0 |   0.0
    Swamp:3 |   17451 |    4518 |  20.6 |      27 |       4 |  12.9
    Swamp:4 |   11459 |   14459 |  55.8 |      26 |      20 |  43.5
   Spider:1 |   20125 |     188 |   0.9 |      66 |       1 |   1.5
   Spider:2 |   18567 |       0 |   0.0 |      50 |       0 |   0.0
   Spider:3 |    9647 |    5074 |  34.5 |      21 |       4 |  16.0
   Spider:4 |    6597 |   28000 |  80.9 |      19 |      42 |  68.9
      Orc:1 |    1121 |       0 |   0.0 |      19 |       0 |   0.0
      Orc:2 |    8457 |   15670 |  64.9 |      45 |      37 |  45.1
      Elf:1 |   22728 |   11007 |  32.6 |      35 |      21 |  37.5
      Elf:2 |   16703 |   22706 |  57.6 |      30 |      30 |  50.0
      Elf:3 |   26698 |   56389 |  67.9 |      37 |      37 |  50.0
   Vaults:1 |   34994 |    9648 |  21.6 |      49 |       8 |  14.0
   Vaults:2 |   39907 |   41343 |  50.9 |      46 |      47 |  50.5
   Vaults:3 |   41249 |   38835 |  48.5 |      53 |      48 |  47.5
   Vaults:4 |   31790 |   26275 |  45.3 |      34 |      24 |  41.4
   Depths:1 |   27531 |   17316 |  38.6 |      32 |      19 |  37.3
   Depths:2 |   39062 |   32797 |  45.6 |      37 |      18 |  32.7
   Depths:3 |   32981 |   22465 |  40.5 |      37 |      16 |  30.2
   Depths:4 |   45608 |   12045 |  20.9 |      49 |      12 |  19.7
   Depths:5 |   10939 |     768 |   6.6 |      12 |       1 |   7.7
      IceCv |       0 |    3160 | 100.0 |       0 |      11 | 100.0
     WizLab |       0 |   71189 | 100.0 |       0 |      70 | 100.0
 Desolation |       0 |   47899 | 100.0 |       0 |      85 | 100.0
            +---------+---------+-------+---------+---------+-------
